 Dungeon Crawl Stone Soup version 0.27.1-33-g824d729ab1 (webtiles) character file.

Game seed: 5648561751797940903

210 jlumianski the Shield-Bearer (level 5, -5/33 HPs)
             Began as a Gargoyle Fighter on Dec 5, 2021.
             Slain by an ogre (12 damage)
             ... on level 4 of the Dungeon.
             The game lasted 00:10:51 (3548 turns).

jlumianski the Shield-Bearer (Gargoyle Fighter)     Turns: 3548, Time: 00:10:51

Health: -5/33      AC: 16    Str: 21    XL:     5   Next: 87%
Magic:  5/5        EV: 10    Int:  8    God:
Gold:   76         SH:  0    Dex:  9    Spells: 4/4 levels left

rFire    . . .     SeeInvis .   e - +2 battleaxe (vorpal)
rCold    . . .     Faith    .   (shield currently unavailable)
rNeg     + . .     Spirit   .   b - +0 scale mail
rPois    ∞         Reflect  .   (no helmet)
rElec    +         Harm     .   l - +1 cloak
rCorr    .         Rampage  .   h - +0 pair of gloves
Will     .....                  q - +1 pair of boots
Stlth    ..........             (no amulet)
HPRegen  0.11/turn              (no ring)
MPRegen  0.09/turn              (no ring)

@: about to teleport
A: sickness immunity, AC +4, negative energy resistance 1, electricity
resistance, torment resistance 1, petrification resistance
a: no special abilities


You were on level 4 of the Dungeon.
You visited 1 branch of the dungeon, and saw 4 of its levels.

You collected 76 gold pieces.

Inventory:

Hand Weapons
 a - a +1 war axe
 e - a +2 vorpal battleaxe (weapon)
 g - the +6 rapier of Xinudd {venom, rElec Str+2}
   (You found it on level 4 of the Dungeon)

   It poisons the flesh of those it strikes.
   Str:       It affects your strength (+2).
   rElec:     It insulates you from electricity.
 m - a +2 dagger of venom
Missiles
 f - 63 stones
 j - 35 sling bullets
 r - 7 boomerangs (quivered)
 s - 19 bolts
 w - 15 poisoned darts
Armour
 b - a +0 scale mail (worn)
 c - a +0 kite shield
 h - a +0 pair of gloves (worn)
 l - a +1 cloak (worn)
 q - a +1 pair of boots (worn)
Wands
 i - a wand of polymorph (6)
Scrolls
 k - a scroll of teleportation
Potions
 d - 2 potions of might
 n - 2 potions of haste
 p - a potion of cancellation {unknown}


   Skills:
 + Level 4.0 Fighting
 + Level 3.3 Axes
 + Level 4.1 Armour
 + Level 0.8 Dodging
 + Level 4.5 Shields


You had 4 spell levels left.
You didn't know any spells.
Your spell library was empty.

Dungeon Overview and Level Annotations

Branches:
Dungeon (4/15)
 Temple: D:4-7

Altars:
Dithmenos

Shops:
D:1 [


Innate Abilities, Weirdness & Mutations

You are immune to sickness and miasma.
Your stone body is resilient. (AC +4)
You are immune to poison.
You resist negative energy. (rN+)
You are resistant to electric shocks. (rElec)
You are resistant to unholy torment.
You are immune to petrification.


Message History

The goblin unwields a +0 dagger.
The goblin wields a +0 hunting sling.
The goblin shoots a stone.
The stone barely misses you.
An ogre comes into view. It is wielding a +0 giant club.
The ogre shouts!
An adder comes into view.
The goblin shoots a stone.
The stone hits you but does no damage.
You see here the +6 rapier of Xinudd {venom, rElec Str+2}.
g - the +6 rapier of Xinudd {venom, rElec Str+2} The goblin shoots a stone.
The stone barely misses you.
Found a pair of gloves.
You see here a wand of polymorph (6).
i - a wand of polymorph (6)
The goblin shoots a stone.
The stone closely misses you. The adder closely misses you.
You miss the adder. The adder bites you but does no damage.
The adder bites you.
You slash the adder!
You kill the adder!
The ogre closely misses you.
You slash the ogre!
The ogre is heavily wounded.
The ogre hits you with a +0 giant club!!
Ouch! That really hurt!
You barely miss the ogre.
The ogre is heavily wounded.
The ogre hits you with a +0 giant club!
* * * LOW HITPOINT WARNING * * *
You feel much better. The ogre completely misses you.
Okay, then.
You barely miss the ogre.
The ogre is heavily wounded.
The ogre hits you with a +0 giant club!
You slash the ogre!
The ogre is almost dead.
The ogre hits you with a +0 giant club!
* * * LOW HITPOINT WARNING * * *
Found a stone staircase leading down.
As you read the scroll of teleportation, it crumbles to dust.
You feel strangely unstable. The ogre hits you with a +0 giant club!
You die...

#..###....# .
##......#.)#
[...##...###....#
...........###.#.#
.....O.##...##.#.#
.._$..# ##..†....#
...... #..###g###
...g.......# #O#
.....##...## #@#
..#.. ##.. #.# #..
#.# ... ... ...
#.# #.# #.# #>#


You could see an ogre and a goblin.

Vanquished Creatures
  A hound (D:4)
  An orc wizard (D:2)
  4 gnolls (D:3)
  4 adders
  A worm (D:2)
  A dart slug (D:1)
  3 orcs (D:3)
  7 ball pythons
  10 endoplasms
  5 giant cockroaches
  2 goblins
  2 hobgoblins (D:2)
  2 jackals (D:2)
  4 quokkas
  10 bats
  3 frilled lizards
  7 kobolds
  6 rats
73 creatures vanquished.

Notes
Turn   | Place    | Note
-------+----------+-------------------------------------------
     0 | D:1      | jlumianski the Gargoyle Fighter began the quest for the
                  | Orb.
     0 | D:1      | Reached XP level 1. HP: 14/14 MP: 1/1
   366 | D:1      | Found Ticlahikh's Armour Shoppe.
   385 | D:1      | Reached XP level 2. HP: 13/19 MP: 2/2
   805 | D:1      | Reached XP level 3. HP: 21/24 MP: 3/3
  1073 | D:1      | Found a faded altar of an unknown god.
  1444 | D:4      | Reached XP level 4. HP: 15/29 MP: 4/4
  2403 | D:3      | Reached XP level 5. HP: 31/33 MP: 5/5
  3449 | D:3      | Identified a scroll of acquirement
  3449 | D:3      | Acquired a +1 vorpal battleaxe
  3527 | D:4      | Found a shadowy altar of Dithmenos.
  3528 | D:4      | Noticed an ogre
  3529 | D:4      | Identified the +6 rapier of Xinudd {venom, rElec Str+2}
  3541 | D:4      | HP: 1/33 [ogre (12)]
  3548 | D:4      | Slain by an ogre

Illustrated notes

Levels and vault maps discovered:
D:1:      lemuel_arrival_river_bridge, layout_rooms,
          ebering_ecumenical_altar_rust, serial_shops, nicolae_shop_waterfront,
          minmay_misc_feat_room
D:2:      layout_basic, grunt_ministairs_15, grunt_decor_mini_mirrors,
          minivault_23
D:3:      layout_loops_cross
D:4:      layout_loops_ring, nicolae_dithmenos_shadow_blocks,
          mainiacjoe_overflow_alcove_1, minmay_temple_entry_offerings

Skill      XL: |  1  2  3  4  5 |
---------------+----------------+-----
Axes           | 2 3 |  3.3
Fighting       | 4 |  4.0
Armour         | 4 |  4.1
Shields        | 4 |  4.5
Dodging        | |  0.8

Action                   |  1- 3 |  4- 6 || total
-------------------------+-------+-------++-------
Melee: War axe           |   114 |   140 ||   254
       Battleaxe         |       |     8 ||     8
Throw: Boomerang         |       |     3 ||     3
  Use: Scroll            |       |    11 ||    11
       Potion            |       |     2 ||     2
Armor: Scale mail        |    78 |   109 ||   187
Dodge: Dodged            |    47 |    46 ||    93
Block: Kite shield       |    87 |    73 ||   160
